 Dungeon Crawl Stone Soup version 0.18-a0-1683-gf9322e6 (webtiles) character file.

176 Gorice the Slasher (level 5, -2/41 HPs)
             Began as a Demonspawn Abyssal Knight on Apr 3, 2016.
             Was a Priest of Lugonu.
             Slain by a mummy (16 damage)
             ... in an ossuary.
             The game lasted 00:09:21 (1918 turns).

Gorice the Slasher (Demonspawn Abyssal Knight)      Turns: 1918, Time: 00:09:22

Health: -2/41      AC:  8    Str: 13    XL:     5   Next: 30%
Magic:  6/6        EV: 11    Int: 14    God:    Lugonu [***...]
Gold:   166        SH:  2    Dex: 12    Spells: 0 memorised, 4 levels left

rFire  . . .     SeeInvis .     a - +2 falchion
rCold  . . .     Gourm    .     q - +0 steam dragon armour
rNeg   . . .     Faith    .     (no shield)
rPois  .         Spirit   .     (no helmet)
rElec  .         Dismiss  .     (no cloak)
rCorr  .         Reflect  .     (no gloves)
SustAt .         Harm     .     j - +0 pair of boots
MR     .....                    o - amulet of magic regeneration
Stlth  +.........               (no ring)
                                (no ring)

@: not resistant to hostile enchantments, very unstealthy
A: large bone plates 1, powered by pain 1
a: Depart the Abyss, Bend Space, Banish, Renounce Religion


You were in an ossuary.
You worshipped Lugonu.
Lugonu was most pleased with you.
You were not hungry.

You visited 1 branch of the dungeon, and saw 4 of its levels.
You visited the Abyss 1 time.
You also visited: Ossuary.

You collected 166 gold pieces.

Inventory:

Hand Weapons
 a - a +2 falchion (weapon)
 g - a +0 quarterstaff
 i - a +0 hunting sling
Missiles
 r - 4 poisoned needles
 Z - 145 stones (quivered)
Armour
 b - a +0 leather armour
 e - a +0 scale mail
 j - a +0 pair of boots (worn)
 q - a +0 steam dragon armour (worn)
Jewellery
 o - an amulet of magic regeneration (around neck)
Scrolls
 l - 2 scrolls of fear {!r}
 m - a scroll of fog
 n - 2 scrolls of teleportation {!r}
Potions
 k - a potion of curing
 p - a potion of lignification {!q}
 s - a potion of berserk rage
 t - a potion of might {unknown}
 v - a potion of haste {unknown}
Comestibles
 c - 4 bread rations {!e}
 d - 3 chunks of flesh
 f - a beef jerky
 h - 3 meat rations {!e}
 u - 4 fruits
 w - a slice of pizza


   Skills:
 - Level 3.0 Fighting
 * Level 5.1 Long Blades
 - Level 1.7 Armour
 - Level 0.8 Dodging
 - Level 2.4 Invocations


You had 4 spell levels left.
You didn't know any spells.

Dungeon Overview and Level Annotations

Branches:
Dungeon (4/15)
 Temple: D:4-7

Altars:
Dithmenos
Kikubaaqudgha
Ru


Innate Abilities, Weirdness & Mutations

You are partially covered in large bone plates (AC +2, SH +2).
You sometimes gain a little power by taking damage.


Message History

Press: ? - help, Shift-Dir - straight line, f/p - mummy
Aim: a mummy You throw a stone.
The stone hits the mummy but does no damage.
Throwing (i - inventory):
Z - 148 stones (quivered)
Press: ? - help, Shift-Dir - straight line, f/p - mummy
Aim: a mummy You throw a stone.
The stone hits the mummy but does no damage.
Throwing (i - inventory):
Z - 147 stones (quivered)
Press: ? - help, Shift-Dir - straight line, f/p - mummy
Aim: a mummy You throw a stone.
The stone hits the mummy but does no damage.
Throwing (i - inventory):
Z - 146 stones (quivered)
Press: ? - help, Shift-Dir - straight line, f/p - mummy
Aim: a mummy You throw a stone.
The stone hits the mummy but does no damage.
You slash the big kobold zombie!
The big kobold zombie barely misses you.
You barely miss the big kobold zombie. You hit the mummy.
The mummy is lightly damaged.
You hit the mummy but do no damage.
The mummy is lightly damaged.
The big kobold zombie hits you but does no damage.
The mummy barely misses you.
You hit the mummy.
The mummy is heavily damaged.
The big kobold zombie closely misses you.
The mummy hits you but does no damage. The mummy hits you!
Damage: 16 (max 16)
You hit the mummy but do no damage.
The mummy is heavily damaged.
The big kobold zombie hits you but does no damage.
You hit the mummy but do no damage.
The mummy is heavily damaged.
The mummy hits you.
* * * LOW HITPOINT WARNING * * *
The mummy barely misses you. The big kobold zombie hits you.
* * * LOW HITPOINT WARNING * * *
Damage: 7 (max 16)
You hit the mummy.
The mummy is severely damaged.
The mummy completely misses you. The big kobold zombie misses you.
You hit the mummy.
The mummy is almost destroyed.
The mummy hits you!
You die...

#.(..#
#(...#
#(...#
#....#
#(...#
#(...#
#....#
#ZM..#
#@M∩.#
######


You could see 2 mummies and a big kobold zombie.

Vanquished Creatures
  A giant frog (D:4)
  An orc priest (D:3)
  An adder (D:3)
  An adder skeleton (D:4)
  A worm (D:3)
  3 dart slugs
  6 orcs (D:3)
  8 bats
  8 goblins
  3 hobgoblins
  8 jackals
  2 ball pythons
  3 giant newts (D:1)
  4 kobolds
  2 kobold zombies (Ossuary)
  An orc zombie (Ossuary)
  5 rats
58 creatures vanquished.

Notes
Turn   | Place    | Note
--------------------------------------------------------------
     0 | Abyss:1  | Gorice the Demonspawn Abyssal Knight began the quest for the Orb.
     0 | Abyss:1  | Reached XP level 1. HP: 18/18 MP: 2/2
     9 | D:1      | Escaped the Abyss
    39 | D:1      | Reached skill level 2 in Long Blades
   163 | D:1      | Gained mutation: You sometimes gain a little power by taking damage. [demonic ancestry]
   163 | D:1      | Reached XP level 2. HP: 24/24 MP: 3/3
   258 | D:1      | Reached ** piety under Lugonu
   262 | D:1      | Reached skill level 3 in Long Blades
   686 | D:2      | Reached XP level 3. HP: 29/29 MP: 4/4
   751 | D:2      | Found a sacrificial altar of Ru.
   773 | D:2      | Found a shadowy altar of Dithmenos.
  1432 | D:3      | Reached skill level 4 in Long Blades
  1432 | D:3      | Reached XP level 4. HP: 33/35 MP: 5/5
  1743 | D:4      | Found an ancient bone altar of Kikubaaqudgha.
  1836 | D:4      | Found a sand-covered staircase.
  1840 | D:4      | Noticed a giant frog
  1857 | D:4      | Killed a giant frog
  1857 | D:4      | Reached skill level 5 in Long Blades
  1857 | D:4      | Gained mutation: You are partially covered in large bone plates (AC +2, SH +2). [demonic ancestry]
  1857 | D:4      | Reached XP level 5. HP: 29/41 MP: 6/6
  1872 | Ossuary  | Entered an ossuary
  1890 | Ossuary  | Reached *** piety under Lugonu
  1918 | Ossuary  | Slain by a mummy

Vault maps used:
D:1:      dpeg_arrival_rooms_b, feat_on_display
D:2:      overflow_temple_1_default, grunt_dithmenos_smoke_and_mirrors,
          first_bread
D:4:      lemuel_round_altar, kennysheep_mini, lightli_temple_of_fire,
          enter_ossuary_3
Ossuary:  ossuary_tomb_3

Skill      XL: |  1  2  3  4 |
---------------+-------------+-----
Long Blades    | 2 3 4 5 |  5.1
Fighting       | |  3.0
Armour         | |  1.7
Dodging        | |  0.8
Invocations    | |  2.4

Action                   |  1- 3 |  4- 6 || total
-------------------------+-------+-------++-------
Melee: Falchion          |   130 |    48 ||   178
Throw: Stone             |    11 |    14 ||    25
  Use: Scroll            |     8 |     2 ||    10
  Eat: Chunk             |     2 |     1 ||     3

Table legend:
 A = Turns spent in this place as a percentage of turns spent in the entire game.
 B = Non-inter-level travel turns spent in this place as a percentage of non-inter-level travel turns spent in the entire game.
 C = Inter-level travel turns spent in this place as a percentage of turns spent in this place.
 D = Turns resting spent in this place as a percentage of non-inter-level travel turns spent in this place.
 E = Turns spent auto-exploring this place as a percentage of non-inter-level travel turns spent in this place.
 F = Non-inter-level travel turns spent in this place divided by the number of levels of this place that you've seen.
                   A       B       C       D       E      F
               +-------+-------+-------+-------+-------+----------------------
         Total | 100.0 | 100.0 |   0.8 |   0.3 |   4.5 | 130.8
       Dungeon |  93.0 |  93.0 |   0.8 |   0.3 |   4.7 | 182.5
         Abyss |   1.3 |   1.3 |   0.0 |   0.0 |   0.0 |  10.0
       Ossuary |   5.7 |   5.7 |   0.0 |   0.0 |   2.2 |  45.0
               +-------+-------+-------+-------+-------+----------------------

Vault maps used:
D:1:      dpeg_arrival_rooms_b, feat_on_display
D:2:      overflow_temple_1_default, grunt_dithmenos_smoke_and_mirrors,
          first_bread
D:4:      lemuel_round_altar, kennysheep_mini, lightli_temple_of_fire,
          enter_ossuary_3
Ossuary:  ossuary_tomb_3
